 Dungeon Crawl Stone Soup version 0.29.1-2-gbd0b4ee654 (webtiles) character file.

Game seed: 4264482722437618169

1416 cdecastro the Cleaver (level 8, 0/64 HPs)
             Began as a Minotaur Fighter on Oct 31, 2022.
             Was an Elder of Ignis.
             Slain by Maggie
             ... wielding a +0 vorpal halberd
              (3 damage)
             ... on level 6 of the Dungeon.
             The game lasted 00:07:00 (4782 turns).

cdecastro the Cleaver (Minotaur Fighter)            Turns: 4782, Time: 00:07:01

Health: 0/64       AC: 17    Str: 23    XL:     8   Next: 43%
Magic:  7/7        EV:  9    Int:  5    God:    Ignis [****..]
Gold:   54         SH:  0    Dex: 10    Spells: 7/7 levels left

rFire   + + .      SeeInvis .   D - +2 battleaxe (venom)
rCold   . . .      Faith    .   (shield currently unavailable)
rNeg    . . .      Spirit   .   b - +0 scale mail
rPois   .          Reflect  .   (helmet restricted)
rElec   .          Harm     .   (no cloak)
rCorr   .          Rampage  .   (no gloves)
Will    .....                   (no boots)
Stlth   ..........              (no amulet)
HPRegen 0.20/turn               c - +4 ring of protection
MPRegen 0.10/turn               l - ring of protection from fire

@: fiery-armoured, mesmerised
A: horns 2, retaliatory headbutt
a: Renounce Religion, Fiery Armour, Foxfire Swarm, Rising Flame


You were on level 6 of the Dungeon.
You worshipped Ignis.
Ignis was greatly pleased with you.
You visited 1 branch of the dungeon, and saw 6 of its levels.

You collected 339 gold pieces.
You spent 285 gold pieces at shops.

Inventory:

Hand Weapons
 x - a +3 flail
 D - a +2 battleaxe of venom (weapon)
 G - a +3 flail of holy wrath
Missiles
 f - 61 stones (quivered)
 h - 8 poisoned darts
 m - 3 atropa-tipped darts
 v - 4 silver javelins
 B - 5 boomerangs
Armour
 b - a +0 scale mail (worn)
 C - a +0 cloak
Magical Staves
 u - a staff of air
Jewellery
 c - a +4 ring of protection (left hand)
 l - a ring of protection from fire (right hand)
Wands
 a - a wand of roots (4)
 r - a wand of flame (18)
Scrolls
 e - 12 scrolls of identify {unknown}
 k - 2 scrolls of fog {unknown}
 n - a scroll of poison {unknown}
 q - 3 scrolls of teleportation {unknown}
 s - 3 scrolls of magic mapping {unknown}
 y - 2 scrolls of vulnerability {unknown}
 z - a scroll of brand weapon {unknown}
 A - a scroll of torment {unknown}
 E - a scroll of immolation {unknown}
 F - a scroll of silence {unknown}
Potions
 d - 3 potions of might
 g - a potion of resistance
 i - a potion of attraction {unknown}
 j - a potion of haste {unknown}
 o - 2 potions of curing {unknown}
 p - 3 potions of degeneration {unknown}
 t - a potion of mutation {unknown}
 w - a potion of heal wounds {unknown}
 H - a potion of flight {unknown}


   Skills:
 - Level 3.6 Fighting
 + Level 12.6 Axes
 - Level 3.6 Armour
 - Level 3.6 Shields


You had 7 spell levels left.
You didn't know any spells.
Your spell library was empty.

Dungeon Overview and Level Annotations

Branches:
Dungeon (6/15)             Temple (0/1) D:5

Altars:
Cheibriados
Kikubaaqudgha
Makhleb
Nemelex Xobeh
Trog
The Shining One
Ignis

Shops:
D:5 (

Annotations:
D:6 Maggie


Innate Abilities, Weirdness & Mutations

You have a pair of horns on your head.
You reflexively headbutt those who attack you in melee.


Message History

You slash Maggie!
Maggie is severely wounded.
You closely miss the orc wizard.
The orc wizard hits you but does no damage.
You are electrocuted!
* * * LOW HITPOINT WARNING * * *
The orc wizard is burned by your cloak of flames.
The orc wizard is heavily wounded.
Maggie gestures wildly while chanting.
Maggie draws you further into her thrall.
You hit Maggie. Your headbutt misses Maggie.
Maggie is almost dead.
You miss the orc wizard.
Maggie casts a spell.
Maggie draws you further into her thrall.
The orc wizard hits you but does no damage.
The orc wizard is burned by your cloak of flames.
The orc wizard is heavily wounded.
Okay, then.
Unknown command.
You barely miss Maggie.
Maggie is almost dead.
You hit the orc wizard.
The orc wizard is poisoned.
An orc priest comes into view. It is wielding a +1 vorpal hand axe.
The orc wizard hits you but does no damage.
The orc wizard is burned by your cloak of flames.
The orc wizard is severely wounded.
Maggie hits you with a +0 vorpal halberd.
* * * LOW HITPOINT WARNING * * *
x2 Maggie is burned by your cloak of flames.
Maggie is almost dead.
Unknown command.
You closely miss Maggie. You headbutt Maggie.
Maggie is almost dead.
You closely miss the orc wizard.
You hear the brisk hiss of an avalanche of sand nearby.
The orc wizard gestures at you while chanting.
The puff of flame hits you but does no damage.
Maggie hits you with a +0 vorpal halberd.
You die...

#........ #....... .
##....... #.#....... ######
#.'......# .....# #......#
.....# #....@.# .....# #..@#
.....# ###o### .....# #oo.###
.....####### ###)).##
...........# ###..# #+##
...........##########.#......
...........'.................
...........#.....###.##o.....
...........#......##.# ..>...


You could see Maggie (mesmerising, poisoned), an orc priest, an orc wizard (very
poisoned) and an orc.

Vanquished Creatures
  Edmund (D:6)
  A water moccasin (D:6)
  A sky beast (D:4)
  An orc warrior (D:6)
  A centaur (D:5)
  An ogre (D:5)
  A necrophage (D:5)
  A bullfrog (D:6)
  2 scorpions
  2 howler monkeys (D:5)
  2 vampire bats (D:3)
  A jelly (D:5)
  2 hounds
  2 orc priests
  An iguana (D:4)
  3 orc wizards (D:6)
  5 adders
  A white imp (D:5)
  4 ufetubi (D:5)
  4 worms
  A dart slug (D:3)
  22 orcs
  6 ball pythons
  2 bat skeletons (D:3)
  3 bat zombies (D:3)
  9 endoplasms
  10 goblins
  4 hobgoblins
  4 jackals (D:1)
  9 kobolds
  2 quokkas (D:1)
  5 bats
  4 frilled lizards
  5 rats
123 creatures vanquished.

Notes
Turn   | Place    | Note
-------+----------+-------------------------------------------
     0 | D:1      | cdecastro the Minotaur Fighter began the quest for the Orb.
     0 | D:1      | Reached XP level 1. HP: 19/19 MP: 0/0
    71 | D:1      | Reached skill level 3 in Axes
   108 | D:1      | Reached XP level 2. HP: 26/26 MP: 1/1
   663 | D:1      | Reached skill level 4 in Axes
   946 | D:2      | Reached XP level 3. HP: 31/31 MP: 2/2
  1118 | D:2      | Found a faded altar of an unknown god.
  1139 | D:2      | Prayed at the altar of an unknown god.
  1139 | D:2      | Became a worshipper of Ignis, the Dying Flame
  1734 | D:3      | Reached skill level 5 in Axes
  1813 | D:3      | Reached XP level 4. HP: 37/39 MP: 3/3
  1977 | D:3      | Found an ancient bone altar of Kikubaaqudgha.
  1987 | D:3      | Reached skill level 6 in Axes
  1989 | D:3      | Reached XP level 5. HP: 39/45 MP: 4/4
  2663 | D:4      | Found a burning altar of Makhleb.
  2677 | D:4      | Reached skill level 7 in Axes
  2769 | D:4      | Noticed a sky beast
  2778 | D:4      | Killed a sky beast
  2779 | D:4      | Reached XP level 6. HP: 42/51 MP: 5/5
  2840 | D:4      | Reached skill level 8 in Axes
  3263 | D:4      | Found a snail-covered altar of Cheibriados.
  3281 | D:4      | Found a glowing golden altar of the Shining One.
  3511 | D:4      | Found a bloodstained altar of Trog.
  3712 | D:5      | Entered Level 5 of the Dungeon
  3712 | D:5      | Found Kicantan's Antique Weapon Boutique.
  3725 | D:5      | Bought a glowing battleaxe for 285 gold pieces
  3954 | D:5      | Found a staircase to the Ecumenical Temple.
  3959 | D:5      | Reached skill level 9 in Axes
  3959 | D:5      | Reached XP level 7. HP: 55/57 MP: 6/6
  3967 | D:5      | Reached skill level 10 in Axes
  4342 | D:5      | Found a sparkling altar of Nemelex Xobeh.
  4515 | D:6      | Reached skill level 11 in Axes
  4515 | D:6      | Reached XP level 8. HP: 31/64 MP: 7/7
  4700 | D:6      | Noticed Edmund
  4706 | D:6      | Killed Edmund
  4707 | D:6      | Reached skill level 12 in Axes
  4763 | D:6      | Noticed Maggie
  4781 | D:6      | HP: 3/64 [Maggie/+0 vorpal halberd (1)]
  4782 | D:6      | Slain by Maggie

Illustrated notes

Levels and vault maps discovered:
D:1:      ncdulo_halloftheorcs, layout_basic, minmay_misc_feat_rugged,
          minmay_misc_feat_diagonals, kennysheep_decorative_pillar, st_stairs_8,
          hangedman_decor_riveting
D:2:      layout_loops_ring, ebering_ecumenical_altar_box, minmay_goblin_outpost
D:3:      layout_loops_cross, kennysheep_vampire_church
D:4:      layout_loops_corners, old_standard_altar,
          mainiacjoe_overflow_surrounded_room, mainiacjoe_overflow_swirl,
          minmay_misc_feat_chi
D:5:      layout_rooms, nemelex_diamond_rough_becter,
          minmay_temple_entry_arrows, serial_shops, shop_statue
D:6:      layout_basic, gup_ossuary_entry_pyramid, uniq_edmund, uniq_maggie,
          uniq_blork_the_orc

Skill      XL: |  1  2  3  4  5  6  7  8 |
---------------+-------------------------+-----
Axes           | 3 4 5 6 7 9 11 12 | 12.6
Fighting       | |  3.6
Armour         | |  3.6
Shields        | |  3.6

Action                   |  1- 3 |  4- 6 |  7- 9 || total
-------------------------+-------+-------+-------++-------
Melee: War axe           |    78 |    93 |       ||   171
       Headbutt          |     8 |    16 |    11 ||    35
       Battleaxe         |       |     9 |    62 ||    71
Invok: Fiery Armour      |       |     1 |     2 ||     3
Armor: Scale mail        |    41 |    64 |    55 ||   160
Dodge: Dodged            |    53 |    60 |    41 ||   154
Block: Buckler           |     1 |       |       ||     1
